 Dungeon Crawl Stone Soup version 0.17-a0-1716-gdf19ebb (webtiles) character file.

70643 Chihiro the Severer (level 15, -30/141 HPs)
             Began as a Hill Orc Gladiator on Aug 21, 2015.
             Was an Elder of Okawaru.
             Annihilated by a titanic slime creature (93 damage)
             ... on level 15 of the Dungeon on Aug 24, 2015.
             The game lasted 02:25:38 (37252 turns).

Chihiro the Severer (Hill Orc Gladiator)           Turns: 37252, Time: 02:25:38

Health: -30/141    AC: 28    Str: 27    XL:     15   Next: 34%
Magic:  23/23      EV: 12    Int:  8    God:    Okawaru [****..]
Gold:   432        SH:  0    Dex: 14    Spells: 0 memorised, 14 levels left

rFire  . . .     SeeInvis .     a - +4 battleaxe of Hied Cee {venom, Str+5}
rCold  . . .     Clarity  .     O - +0 plate armour
rNeg   + + .     SustAt   .     (no shield)
rPois  +         Gourm    .     J - +1 hat
rElec  .         Spirit   .     l - +2 cloak
rCorr  .         Warding  .     (no gloves)
rMut   +         Stasis   .     g - +2 pair of boots {Stlth+}
MR     +....                    D - amulet of resist mutation
Stlth  ..........               m - +2 ring of protection
                                W - ring "Ipupted" {rPois rN++ Stlth-}

@: heroism, somewhat resistant to hostile enchantments, extremely unstealthy
A: no striking features
a: Heroism, Renounce Religion


You were on level 15 of the Dungeon.
You worshipped Okawaru.
Okawaru was greatly pleased with you.
You were not hungry.

You visited 4 branches of the dungeon, and saw 24 of its levels.
You also visited: Ossuary and Volcano.

You collected 2169 gold pieces.
You spent 1737 gold pieces at shops.

Inventory:

Hand weapons
 a - the +4 battleaxe of Hied Cee (weapon) {venom, Str+5}
   (You bought it in a shop on level 14 of the Dungeon)

   It poisons the flesh of those it strikes.
   It affects your strength (+5).
 b - the +8 hand crossbow of the Badger {venom, rPois rC+ MP+9 Str-4}
   (You found it on level 3 of the Lair of Beasts)

   It poisons the ammo it fires.
   It affects your strength (-4).
   It protects you from cold.
   It protects you from poison.
   It affects your magic capacity (+9).
 c - the +7 great sword of Malaise {slice, rPois rF+}
   (You found it on level 12 of the Dungeon)

   It inflicts extra damage upon your enemies.
   It protects you from fire.
   It protects you from poison.
 G - a +6 battleaxe of venom
Missiles
 d - 5 throwing nets (quivered)
 t - 67 bolts
Armour
 g - a +2 pair of boots of stealth (worn)
 l - a +2 cloak (worn)
 J - a +1 hat (worn)
 O - a +0 plate armour (worn)
Jewellery
 h - an uncursed ring of sustain attributes
 m - a +2 ring of protection (right hand)
 r - an uncursed ring of teleportation
 D - an amulet of resist mutation (around neck)
 F - an uncursed ring of protection from cold
 K - an uncursed ring of see invisible
 P - an uncursed ring of positive energy
 Q - a +3 ring of evasion
 W - the ring "Ipupted" (left hand) {rPois rN++ Stlth-}
   (You found it on level 7 of the Dungeon)

   [ring of poison resistance]

   It protects you from poison.
   It greatly protects you from negative energy.
   It makes you less stealthy.
Magical devices
 q - a wand of fire (8)
 u - a wand of heal wounds (0)
 w - a wand of digging (10)
 y - a wand of cold (10)
 Y - a wand of cold (5)
Scrolls
 e - 2 scrolls of enchant armour {unknown}
 f - a scroll of magic mapping
 v - a scroll of teleportation
 B - a scroll of immolation {unknown}
 C - 12 scrolls of remove curse
 H - 5 scrolls of fog
 I - 2 scrolls of amnesia
 M - a scroll of brand weapon {unknown}
 N - a scroll of summoning {unknown}
 R - a scroll of fear {unknown}
 T - a scroll of blinking
 V - 3 scrolls of holy word
Potions
 j - 3 potions of agility
 k - a potion of cure mutation
 n - 3 potions of might
 o - 5 potions of haste
 p - 5 potions of curing
 x - 2 potions of cancellation
 z - 3 potions of berserk rage
 A - 2 potions of resistance
 L - a potion of heal wounds
Comestibles
 i - a slice of pizza
 s - 11 beef jerkies
 S - 9 meat rations
 U - a royal jelly
 X - 7 bread rations


   Skills:
 + Level 15.3(20.3) Fighting
 - Level 4.4(9.4) Long Blades
 - Level 20.1(25.5) Axes
   Level 6.4(18.2) Maces & Flails
   Level 0.0(16.7) Polearms
 - Level 2.0(7.0) Throwing
 + Level 12.1(17.1) Armour
 - Level 2.4(7.4) Dodging
   Level 3.5(8.5) Shields
 - Level 10.7 Invocations
 - Level 3.2 Evocations


You had 14 spell levels left.
You didn't know any spells.

Dungeon Overview and Level Annotations

Branches:
Dungeon (15/15)            Temple (0/1) D:5            Lair (4/8) D:9
 Spider (1/4) Lair:3          Orc (4/4) D:12            Elf (0/3) Orc:4
 Vaults (0/5) D:14
  Swamp: Lair:3-6    Shoals: Lair:3-6    Depths: D:15

Altars:
Ashenzari
Cheibriados
Elyvilon
Nemelex Xobeh
Okawaru
Sif Muna

Shops:
D:9 %   D:14 (*[:   D:15 :   Orc:2 [   Orc:4 :*

Portals:
Trove: D:14 (give 2 scrolls of acquirement)

Annotations:
D:12 Sonja
Spider:1 Louise
Orc:2 Snorg


Message History

You hear a horrible gurgling sound!
You hit the very large slime creature.
The very large slime creature is poisoned.
The very large slime creature is lightly wounded.
You barely miss the very large slime creature.
The very large slime creature is lightly wounded.
Two slime creatures merge to form a titanic slime creature.
You open the titanic slime creature like a pillowcase!!!
The titanic slime creature is moderately wounded.
You carve the titanic slime creature like a ham!!!
The titanic slime creature looks even sicker.
The titanic slime creature is heavily wounded.
You hit the titanic slime creature.
The titanic slime creature is heavily wounded.
The titanic slime creature barely misses you.
You cut the titanic slime creature into ribbons!!!
The titanic slime creature is severely wounded.
The titanic slime creature hits you!!!!
Ouch! That really hurt!
You die...

#..............###......
#............### ###....
#...........## ##...
#...........# #...
###.........# ##...
#......#### #....
#.....##..## ##...
####....##....### #...
#.......@JJ.....# #...
#.......##u...#.. #...
#........##..### #...
#.........####.# ##...
#!.............######....
#........................
#........................
#.........##'###...######
#.........#....#...#....#


You could see a green ugly thing, a titanic slime creature and a slime creature.

Vanquished Creatures
  An orc warlord (Orc:3)
  2 vault guards (D:14)
  The ghost of Gargoyl the Cleaver, a powerful DsAK of Lugonu (D:14)
  The ghost of chimenez the Basher, a powerful MiFi of Ru (Lair:1)
  5 centaur warriors
  A hydra (D:15)
  A tengu warrior (D:15)
  An orc high priest (Orc:3)
  4 skeletal warriors (D:15)
  3 fire crabs (shapeshifter)
  2 necromancers (D:14)
  2 unseen horrors
  2 hill giants
  9 cyclopes
  4 orc knights
  A wolf spider zombie (D:15)
  2 wizards (D:14)
  An orc sorcerer (Orc:3)
  8 ugly things
  A manticore (D:15)
  2 griffons (D:15)
  A wolf spider (Lair:3)
  3 black mambas
  2 gargoyles
  A centaur zombie (D:12)
  7 centaur skeletons
  3 spiny frogs
  2 tengu conjurers
  A kobold demonologist (D:15)
  A spiny frog (shapeshifter) (D:13)
  4 komodo dragons
  An efreet (D:14)
  A yaktaur (D:14)
  2 fire drakes
  A deep elf priest (Orc:3)
  A blink frog (Lair:4)
  A queen bee (shapeshifter) (D:13)
  7 two-headed ogres
  8 trolls
  Grinder (D:3)
  Prince Ribbit (D:6)
  5 slime creatures (D:15)
  A trapdoor spider zombie (D:11)
  2 wraiths
  A vampire (D:13)
  3 trapdoor spiders
  A redback (Lair:3)
  30 yaks
  2 tarantellas (Lair:3)
  3 deep elf magi
  A wyvern (D:13)
  2 deep elf fighters
  A fire elemental (Volcano)
  12 vampire mosquitoes
  8 wolves
  A basilisk (D:14)
  20 humans
  6 wargs
  A hungry ghost (D:13)
  2 mottled dragons
  7 hippogriffs
  2 soldier ants
  10 water moccasins
  26 orc warriors
  9 porcupines
  Duvessa (D:6)
  A black bear (D:13)
  4 spiders (Spider:1)
  5 ice beasts
  2 wasps
  An eye of draining (D:13)
  3 necrophages
  23 ogres
  A phantom (D:9)
  10 sky beasts
  7 crocodiles
  19 centaurs
  2 big kobolds
  14 giant frogs
  Dowan (D:6)
  2 wyvern skeletons
  2 scorpions
  2 jellies (D:15)
  3 wights (D:12)
  3 electric eels (D:14)
  12 crimson imps
  18 killer bees
  A giant frog zombie (D:8)
  2 quasits
  21 orc priests
  A wasp zombie (D:12)
  2 giant frog skeletons
  7 hounds
  A gnoll shaman (D:9)
  14 orc wizards
  Natasha (thrice) (D:3)
  9 iguanas
  18 worker ants
  2 killer bee zombies
  A hound zombie (D:9)
  8 mummies (Ossuary)
  9 adders
  9 gnolls
  8 river rats (Lair:4)
  5 shadow imps
  3 oozes
  2 worms
  3 adder skeletons
  138 orcs
  4 giant cockroaches
  13 hobgoblins
  9 jackals
  17 kobolds
  6 quokkas
  10 bats
  6 giant geckos
  3 gnoll zombies (Ossuary)
  7 goblins
  3 hobgoblin zombies (Ossuary)
  A kobold zombie (Ossuary)
  An orc zombie (Ossuary)
  2 quokka skeletons
  A quokka zombie (D:5)
  8 rats
  5 fungi
758 creatures vanquished.

Vanquished Creatures (others)
  The ghost of fino the Cudgeler, an average GrFi of Ru (D:4)
  A killer bee (D:10)
  A worker ant (D:10)
  An orc (D:12)
  18 fungi
  4 plants
26 creatures vanquished.

Grand Total: 784 creatures vanquished

Notes
Turn   | Place    | Note
--------------------------------------------------------------
     0 | D:1      | Chihiro the Hill Orc Gladiator began the quest for the Orb.
     0 | D:1      | Reached XP level 1. HP: 18/18 MP: 1/1
   142 | D:1      | Reached XP level 2. HP: 20/25 MP: 2/2
   361 | D:1      | Reached skill level 5 in Axes
   911 | D:1      | Reached XP level 3. HP: 25/30 MP: 3/3
  1292 | D:2      | Reached skill level 6 in Axes
  1644 | D:2      | Reached XP level 4. HP: 37/37 MP: 4/4
  1937 | D:3      | Found a white marble altar of Elyvilon.
  1954 | D:3      | Found a snail-covered altar of Cheibriados.
  2051 | D:3      | Found an iron altar of Okawaru.
  2087 | D:3      | Reached skill level 7 in Axes
  2265 | D:3      | Became a worshipper of Warmaster Okawaru
  2346 | D:3      | Reached XP level 5. HP: 34/42 MP: 5/5
  2531 | D:3      | Noticed Grinder
  2531 | D:3      | Paralysed by Grinder for 3 turns
  2542 | D:4      | Killed fino's ghost
  2739 | D:4      | Reached skill level 8 in Axes
  2900 | D:4      | Reached skill level 1 in Invocations
  2989 | D:4      | Reached XP level 6. HP: 46/50 MP: 6/6
  3316 | D:4      | Found a sparkling altar of Nemelex Xobeh.
  3511 | D:5      | Entered Level 5 of the Dungeon
  3522 | D:5      | Found a staircase to the Ecumenical Temple.
  3915 | D:5      | Reached skill level 9 in Axes
  3978 | D:5      | Reached XP level 7. HP: 36/56 MP: 9/9
  4198 | D:5      | Acquired Okawaru's first power
  4264 | D:5      | Found a shattered altar of Ashenzari.
  4764 | D:5      | Reached skill level 5 in Invocations
  4814 | D:5      | Reached skill level 10 in Axes
  4925 | D:6      | Reached XP level 8. HP: 53/62 MP: 12/12
  5277 | D:6      | Noticed Duvessa
  5278 | D:6      | Noticed Dowan
  5285 | D:6      | Killed Duvessa
  5291 | D:6      | Killed Dowan
  5291 | D:6      | Reached skill level 11 in Axes
  5330 | D:6      | Noticed Prince Ribbit
  5396 | D:6      | Killed Prince Ribbit
  5471 | D:6      | Paralysed by a wasp for 3 turns
  5476 | D:6      | Paralysed by a wasp for 2 turns
  5698 | D:6      | Reached XP level 9. HP: 38/68 MP: 15/15
  5992 | D:6      | Reached skill level 12 in Axes
  6645 | D:6      | Found a deep blue altar of Sif Muna.
  7129 | D:7      | Found a shattered altar of Ashenzari.
  7257 | D:7      | Reached skill level 10 in Invocations
  7329 | D:7      | Reached skill level 13 in Axes
  7485 | D:7      | Got a faintly glowing amber ring
  7528 | D:7      | Identified the ring "Ipupted" {rPois rN++ Stlth-} (You found it on level 7 of the Dungeon)
  7980 | D:8      | Found a sand-covered staircase.
  7988 | D:8      | Reached skill level 1 in Armour
  8011 | Ossuary  | Entered an ossuary
  8391 | Ossuary  | Reached XP level 10. HP: 73/73 MP: 18/18
  8583 | D:8      | Reached skill level 14 in Axes
 10242 | D:9      | Reached skill level 5 in Armour
 10262 | D:9      | Reached skill level 15 in Axes
 10486 | D:9      | Reached XP level 11. HP: 41/80 MP: 19/19
 10866 | D:9      | Found a staircase to the Lair.
 11112 | D:9      | Found Obbor's Food Boutique.
 11485 | Lair:1   | Entered Level 1 of the Lair of Beasts
 11701 | Lair:1   | Noticed chimenez's ghost (powerful MiFi)
 11738 | D:10     | Entered Level 10 of the Dungeon
 12439 | D:10     | Reached skill level 5 in Fighting
 13438 | D:10     | Acquired Okawaru's second power
 14422 | D:3      | Noticed Natasha
 14426 | D:3      | Killed Natasha
 14461 | D:3      | Killed Grinder
 14464 | D:3      | Noticed Natasha
 14467 | D:3      | Killed Natasha
 14584 | D:3      | Noticed Natasha
 14586 | D:3      | Killed Natasha
 15047 | Lair:1   | Killed chimenez's ghost
 15047 | Lair:1   | Received a gift from Okawaru
 15047 | Lair:1   | Received a gift from Okawaru
 15047 | Lair:1   | Reached skill level 10 in Fighting
 15601 | Lair:1   | Reached XP level 12. HP: 103/108 MP: 18/20
 16842 | Lair:2   | Reached skill level 16 in Axes
 18467 | Lair:3   | Noticed a five-headed hydra
 19120 | Lair:3   | Found a hole to the Spider Nest.
 19643 | Lair:4   | Found a dark tunnel.
 19655 | Volcano  | Entered a volcano
 21364 | Lair:4   | Noticed a death yak
 21437 | Spider:1 | Entered Level 1 of the Spider Nest
 21455 | Spider:1 | Received a gift from Okawaru
 21512 | Spider:1 | Noticed Louise
 22070 | Lair:3   | Got a transparent hand crossbow
 22119 | Lair:2   | Identified the +8 hand crossbow of the Badger {venom, rPois rC+ MP+9 Str-4} (You found it on level 3 of the Lair of Beasts)
 23073 | D:11     | Reached skill level 10 in Armour
 23201 | D:11     | Reached XP level 13. HP: 116/122 MP: 21/21
 23333 | D:11     | Reached skill level 1 in Shields
 23452 | D:12     | Reached skill level 1 in Evocations
 23575 | D:12     | Found a staircase to the Orcish Mines.
 23620 | Orc:1    | Entered Level 1 of the Orcish Mines
 24277 | Orc:1    | Reached skill level 1 in Maces & Flails
 24561 | Orc:2    | Found Qacwi's Armour Shoppe.
 24751 | Orc:2    | Bought a +0 pair of boots of stealth for 161 gold pieces
 24751 | Orc:2    | Bought a +2 cloak for 231 gold pieces
 24988 | Orc:1    | Noticed Snorg
 25363 | Orc:3    | Noticed an orc warlord
 25381 | Orc:3    | Killed an orc warlord
 26286 | Orc:4    | Entered Level 4 of the Orcish Mines
 26303 | Orc:3    | Reached skill level 17 in Axes
 26908 | Orc:4    | Found a staircase to the Elven Halls.
 26965 | Orc:4    | Reached skill level 5 in Maces & Flails
 27276 | Orc:4    | Noticed an orc warlord
 27297 | Orc:4    | Found Muikk's General Store.
 27329 | Orc:4    | HP: 2/123 [sixfirhy[an orc sorcerer] (8)]
 27331 | Orc:4    | Found Oravvoo's Book Boutique.
 29465 | Orc:3    | Upgraded the game from 0.17-a0-1701-gf693a3f to 0.17-a0-1716-gdf19ebb
 29793 | D:12     | Noticed Sonja
 30051 | D:12     | Got a brightly glowing great sword
 30053 | D:12     | Identified the +7 great sword of Malaise {slice, rPois rF+} (You found it on level 12 of the Dungeon)
 30119 | D:12     | Reached skill level 1 in Long Blades
 32384 | D:13     | Reached XP level 14. HP: 101/130 MP: 22/22
 33120 | D:13     | Reached skill level 18 in Axes
 33706 | D:14     | Found a portal to a secret trove of treasure.
 33707 | D:14     | Found Odoulinu's Weapon Shop.
 33723 | D:14     | Bought the +4 battleaxe of Hied Cee {venom, Str+5} for 815 gold pieces
 33802 | D:14     | Found Qyr Vysm's Armour Emporium.
 33807 | D:14     | Bought a +2 cloak for 181 gold pieces
 33807 | D:14     | Bought a +0 pair of boots for 49 gold pieces
 33895 | D:14     | Reached skill level 19 in Axes
 34035 | D:14     | Found a labyrinth entrance.
 34146 | D:14     | Found a gate to the Vaults.
 34381 | D:14     | Noticed Gargoyl's ghost (powerful DsAK)
 34398 | D:14     | Killed Gargoyl's ghost
 34398 | D:14     | Reached skill level 20 in Axes
 34439 | D:14     | Found Miom's Assorted Antiques.
 34473 | D:14     | Found Ogasuf's Book Emporium.
 34977 | D:14     | Bought a scroll of fog for 80 gold pieces
 34977 | D:14     | Bought a scroll labeled NONWUNW NORY for 40 gold pieces
 34977 | D:14     | Bought a pair of glowing boots for 180 gold pieces
 35453 | D:14     | Received a gift from Okawaru
 35689 | D:15     | Entered Level 15 of the Dungeon
 36094 | D:15     | Found Fanam's Book Boutique.
 36210 | D:15     | Reached XP level 15. HP: 129/139 MP: 21/23
 36788 | D:15     | Reached skill level 15 in Fighting
 37252 | D:15     | Annihilated by a titanic slime creature

Vault maps used:
D:1:      dpeg_arrival_chase, serial_park_tiny_1
D:2:      first_bread
D:3:      amethyst_overflow_temple_binary, old_standard_altar,
          guppyfry_early_lair_pool, uniq_natasha, uniq_grinder
D:4:      nemelex_altar_shiori
D:5:      minmay_temple_entry_large_hall, evilmike_ruin_ashenzari
D:6:      led_sif_book, uniq_duvessa, uniq_prince_ribbit1
D:7:      kennysheep_little_box
D:8:      enter_ossuary_2
D:9:      lemuel_ogre_cave, minmay_lair_entry_lava, serial_shops, shop
D:10:     hangedman_stone_soup, lightli_swarmer
D:12:     minmay_orc_entry_guard_dogs, nooodl_food_tri, uniq_sonja
D:14:     grunt_vaults_entry_tiered, lab_entry_generic, serial_shops,
          nicolae_shop_competitors_out_of_business, nicolae_shop_crystal,
          shop_statue, shop, enter_trove_2, kennysheep_big_empty_room,
          disabler_island
D:15:     gammafunk_enter_depths_forms, roderic_roman_lattice, serial_shops,
          shop
Lair:1:   grunt_forest_small_clearing_treed
Lair:2:   patterned_corridor
Lair:3:   dummy_spider_entry
Lair:4:   nicolae_volcano_entry_s_turn
Spider:1: portal_ice_cave_entry_frozen_things, uniq_louise
Orc:1:    uniq_snorg
Orc:2:    serial_shops, shop
Orc:3:    serial_shops, nicolae_shop_competitors_out_of_business, basic_altar,
          nicolae_orc_pool_cavern, elf_legates
Orc:4:    grunt_orc_gardens, grunt_orc_garden, grunt_orc_garden,
          grunt_orc_garden, grunt_orc_garden, uniq_josephine
Ossuary:  ossuary_tomb_3
Volcano:  volcano_overflow

Action                   |  1- 3 |  4- 6 |  7- 9 | 10-12 | 13-15 || total
-------------------------+-------+-------+-------+-------+-------++-------
Melee: War axe           |   106 |   188 |   388 |  1183 |    78 ||  1943
       Morningstar       |       |       |       |       |   279 ||   279
       Battleaxe         |       |       |       |       |   562 ||   562
       Great sword       |       |       |       |       |    85 ||    85
       Glaive            |       |       |       |       |    23 ||    23
 Fire: Hand crossbow     |       |       |       |       |    37 ||    37
Throw: Throwing net      |       |       |       |       |     4 ||     4
Invok: Heroism           |       |       |    16 |    36 |    43 ||    95
Evoke: Wand              |       |       |     2 |     2 |     4 ||     8
  Use: Scroll            |       |     6 |     6 |    22 |    18 ||    52
       Potion            |       |       |     1 |     4 |     4 ||     9
  Eat: Chunk             |     2 |     6 |    10 |    21 |    19 ||    58
       Fruit             |       |     2 |     7 |    10 |     5 ||    24
       Royal jelly       |       |       |       |     3 |     1 ||     4
       Bread ration      |       |       |       |     3 |     4 ||     7
       Pizza             |       |       |       |     1 |     1 ||     2
       Meat ration       |       |       |       |       |     1 ||     1
